 Dungeon Crawl Stone Soup version 0.20.1-1-g8b1a95d (webtiles) character file.

51 Vno the Covered (level 3, 0/34 HPs)
             Began as a Minotaur Fighter on Nov 7, 2017.
             Slain by a gnoll
             ... wielding a +0 spear
              (1 damage)
             ... on level 2 of the Dungeon.
             The game lasted 00:11:51 (1057 turns).

Vno the Covered (Minotaur Fighter)                  Turns: 1057, Time: 00:11:59

Health: 0/34       AC:  7    Str: 21    XL:     3   Next: 57%
Magic:  2/2        EV:  7    Int:  5    God:
Gold:   122        SH:  9    Dex: 11    Spells: 2/2 levels left

rFire    . . .     SeeInvis .   a - +0 war axe
rCold    . . .     Gourm    .   c - +0 shield
rNeg     . . .     Faith    .   b - +0 scale mail
rPois    .         Spirit   .   (helmet restricted)
rElec    .         Reflect  .   (no cloak)
rCorr    .         Harm     .   (no gloves)
MR       .....                  (no boots)
Stlth    ..........             (no amulet)
Regen    0.2/turn               k - +2 ring of dexterity
MPRegen  0.1/turn               (no ring)

@: no status effects
A: retaliatory headbutt, horns 2
a: no special abilities


You were on level 2 of the Dungeon.
You were hungry.

You visited 1 branch of the dungeon, and saw 2 of its levels.

You collected 122 gold pieces.

Inventory:

Hand Weapons
 a - a +0 war axe (weapon)
Armour
 b - a +0 scale mail (worn)
 c - a +0 shield (worn)
Jewellery
 k - a +2 ring of dexterity (left hand)
Scrolls
 i - a scroll of remove curse {unknown}
 j - 3 scrolls of magic mapping {unknown}
 o - a scroll of amnesia {unknown}
Potions
 d - a potion of might
 e - a potion of curing {unknown}
 h - a potion of mutation {unknown}
 l - a potion of agility {unknown}
 m - a potion of resistance {unknown}
 n - a potion of flight {unknown}
 p - a potion of heal wounds {unknown}
Comestibles
 f - a bread ration
 g - a royal jelly
 q - 3 chunks of flesh


   Skills:
 + Level 4.3 Fighting
 + Level 2.8 Axes
 + Level 4.4 Armour
 + Level 3.9 Shields


You had 2 spell levels left.
You didn't know any spells.

Dungeon Overview and Level Annotations

Branches:
Dungeon (2/15)

Altars:
Ashenzari


Innate Abilities, Weirdness & Mutations

You reflexively headbutt those who attack you in melee.
You have a pair of horns on your head.


Message History

The gnoll hits you with a spear. The gnoll barely misses you.
You hit the gnoll.
The gnoll is moderately wounded.
You hit the gnoll. You block the gnoll's attack. The gnoll barely misses you.
Your shield and scale mail prevent you from hitting the gnoll.
The gnoll is moderately wounded.
You hit the gnoll. You block the gnoll's attack. The gnoll closely misses you.
The gnoll barely misses you. The gnoll hits you with a spear.
You hit the gnoll but do no damage.
The gnoll is moderately wounded.
You barely miss the gnoll. You block the gnoll's attack.
The gnoll hits you with a spear.
* * * LOW HITPOINT WARNING * * *
You closely miss the gnoll. You headbutt the gnoll.
The gnoll is moderately wounded.
You closely miss the gnoll. You block the gnoll's attack. x2
The gnoll hits you with a spear.
* * * LOW HITPOINT WARNING * * *
The gnoll hits you with a spear.
You die...

#........###+#
........##..† #####
#.........†.
####!..##+#.......†...
#.....................
#$....................
#.........)†)........#
#....gg..............#
#....@.#...[#.>......#
#......#..............
####...##+#........###
#...# #........# #....
.......... .....)
.......... ####......
....... ..... ......


You could see 2 gnolls.

Vanquished Creatures
  2 gnolls
  A worm (D:2)
  A dart slug (D:2)
  A ball python (D:1)
  4 giant cockroaches
  5 goblins
  A hobgoblin (D:1)
  3 jackals (D:2)
  A quokka (D:2)
  5 frilled lizards
  A kobold (D:1)
  A rat (D:1)
26 creatures vanquished.

Notes
Turn   | Place    | Note
-------+----------+-------------------------------------------
     0 | D:1      | Vno the Minotaur Fighter began the quest for the Orb.
     0 | D:1      | Reached XP level 1. HP: 19/19 MP: 0/0
   206 | D:1      | Reached XP level 2. HP: 22/27 MP: 1/1
   214 | D:1      | Found a shattered altar of Ashenzari.
  1001 | D:2      | Reached XP level 3. HP: 30/33 MP: 2/2
  1057 | D:2      | HP: 1/34 [gnoll/spear (5)]
  1057 | D:2      | Slain by a gnoll

Skill      XL: |  1 |
---------------+----+-----
Fighting       | 4 |  4.3
Armour         | 4 |  4.4
Axes           | |  2.8
Shields        | |  3.9

Action                   || total
-------------------------++-------
Melee: War axe           ||    60
       Headbutt          ||     8
Armor: Scale mail        ||    45
Dodge: Dodged            ||    31
Block: Shield            ||    52
